 Dungeon Sprint DCSS version 0.28.0-53-g5a82cb258f (webtiles) character file.

Game seed: 1646173760405232588

1019 Zeld the Thaumaturge (level 8, -2/41 HPs)
             Began as a Deep Elf Conjurer on May 29, 2022.
             Was a Priest of Sif Muna.
             Slain by a killer bee (5 damage)
             ... in the Dungeon (Sprint IV: "Fedhas' Mad Dash").
             The game lasted 00:02:59 (2505 turns).

Zeld the Thaumaturge (Deep Elf Conjurer)            Turns: 2505, Time: 00:03:00

Health: -2/41      AC:  2    Str:  4    XL:     8   Next: 2%
Magic:  8/27       EV: 14    Int: 26    God:    Sif Muna [***...]
Gold:   43         SH:  0    Dex: 13    Spells: 20/34 levels left

rFire   . . .      SeeInvis .   (no weapon)
rCold   . . .      Faith    .   (no shield)
rNeg    . . .      Spirit   .   a - +0 robe
rPois   .          Reflect  .   (no helmet)
rElec   .          Harm     .   (no cloak)
rCorr   .          Rampage  .   (no gloves)
Will    .....      NoTele   +   (no boots)
Stlth   ++........              i - amulet of invisibility {+Inv}
HPRegen 0.13/turn               (no ring)
MPRegen 0.20/turn               (no ring)

@: lethally poisoned (-2 -> -25), channelling
A: no striking features
a: Renounce Religion, Evoke Invisibility, Channel Magic, Forget Spell


You were in the Dungeon.
You worshipped Sif Muna.
Sif Muna was most pleased with you.
You visited 1 branch You collected 123 gold pieces.
You spent 80 gold pieces at shops.

Inventory:

Armour
 a - a +0 robe (worn)
Jewellery
 i - the amulet of invisibility (around neck) {+Inv}
   (You found it in the Dungeon)

   [amulet of nothing]

   +Inv:      It lets you turn invisible.
Scrolls
 g - a scroll of blinking
 h - a scroll of immolation {unknown}
 j - a scroll of holy word {unknown}
Potions
 b - 2 potions of curing
 d - a potion of haste
 e - 2 potions of magic
 f - a potion of berserk rage
 k - a potion of lignification {unknown}
 l - a potion of mutation


   Skills:
 + Level 6.9 Dodging
 - Level 2.4 Stealth
 * Level 13.6 Spellcasting
 * Level 12.0 Conjurations
 - Level 2.0 Hexes
 - Level 2.0 Translocations
 * Level 8.4 Invocations


You had 20 spell levels left.
You knew the following spells:

 Your Spells              Type           Power      Damage    Failure   Level
a - Magic Dart            Conj           100%       1d8       1%          1
b - Searing Ray           Conj           100%       2d8       1%          2
c - Fulminant Prism       Conj/Hex       26%        3d14      1%          4
d - Iskenderun's Mystic   Conj/Tloc      53%        2d11      1%          4
z - Dazzling Flash        Conj/Hex       100%       N/A       1%          3

Your spell library contained the following spells:

 Spells                   Type           Power      Damage    Failure   Level


Dungeon Overview and Level Annotations

Branches:
Dungeon (1/1)

Altars:
Cheibriados
Dithmenos
Elyvilon
Gozag
Hepliaklqana
Kikubaaqudgha
Makhleb
Nemelex Xobeh
Okawaru
Qazlal
Ru
Sif Muna
Trog
Uskayaw
Vehumet
Wu Jian
Xom
Yredelemnul
Zin
The Shining One
Beogh
Jiyva
Lugonu

Shops:
D !!*(


Message History

Unknown command.
* * * LOW HITPOINT WARNING * * *
You feel very sick. The killer bee closely misses you.
Unknown command.
Casting: Iskenderun's Mystic Blast (dangerous; 1% risk of failure)
Confirm with . or Enter, or press ? or * to list all spells.
You erupt in a blast of force!
The mystic blast hits the killer bee.
The killer bee is lightly wounded.
The killer bee is knocked back by the mystic blast.
The killer bee collides with the queen bee!
The queen bee is almost dead.
The killer bee is heavily wounded.
* * * LOW HITPOINT WARNING * * *
You feel very sick. The killer bee barely misses you.
Unknown command.
Unknown command.
Unknown command.
Unknown command.
Casting: Iskenderun's Mystic Blast (dangerous; 1% risk of failure)
Confirm with . or Enter, or press ? or * to list all spells.
You don't have enough magic to cast this spell.
You feel much better.
You feel very sick. The killer bee barely misses you.
The killer bee misses you.
The queen bee calls on the killer bee to defend it!
The killer bee goes berserk!
The queen bee calls on the killer bee to defend it!
The killer bee goes berserk!
The killer bee stings you.
You are more poisoned.
The killer bee poisons you!
You feel very sick. The killer bee stings you!
* * * LOW HITPOINT WARNING * * *
The killer bee stings you.
* * * LOW HITPOINT WARNING * * *
You are more poisoned.
The killer bee poisons you! The killer bee stings you.
You die...

##########################
#<..P#.....#.....#.⌠._._._
#.P..÷÷....'.#...'.._._._.
#P.PP#.....#.#...#..._._._
###############'##.._._._.
♣.y†y@...'...#._._._._
.....♣y....#...#########
... ♣..♣..###### + #+#####


You could see a queen bee and 2 killer bees.

Vanquished Creatures
  A burning bush (D)
  2 wandering mushrooms (D)
  3 scorpions (D)
  2 killer bees (D)
  4 oklob saplings (D)
  2 spriggans (D)
  A river rat (D)
  A rat (D)
16 creatures vanquished.

Vanquished Creatures (others)
  6 fulminant prisms (D)
  2 fungi (D)
8 creatures vanquished.

Grand Total: 24 creatures vanquished

Notes
Turn   | Place    | Note
-------+----------+-------------------------------------------
     0 | D        | Zeld the Deep Elf Conjurer began the quest for the Orb.
     0 | D        | Reached XP level 1. HP: 10/10 MP: 6/6
   116 | D        | Reached skill level 4 in Spellcasting
   116 | D        | Reached skill level 5 in Conjurations
   116 | D        | Reached skill level 1 in Translocations
   116 | D        | Reached XP level 2. HP: 15/15 MP: 1/9
   297 | D        | Learned a level 2 spell: Searing Ray
   301 | D        | Noticed an oklob sapling
   303 | D        | Killed an oklob sapling
   304 | D        | Reached skill level 6 in Spellcasting
   304 | D        | Reached XP level 3. HP: 19/19 MP: 6/12
   308 | D        | Learned a level 3 spell: Dazzling Flash
   507 | D        | Noticed a scorpion
   507 | D        | Found the amulet of invisibility {+Inv}
   513 | D        | Killed a scorpion
   514 | D        | Reached skill level 8 in Spellcasting
   514 | D        | Reached XP level 4. HP: 24/24 MP: 5/16
   687 | D        | Learned a level 4 spell: Fulminant Prism
   692 | D        | Learned a level 4 spell: Iskenderun's Mystic Blast
   696 | D        | Found an opulent altar of Gozag.
   696 | D        | Found a hazy altar of Hepliaklqana.
   696 | D        | Found a burning altar of Makhleb.
   696 | D        | Found a sparkling altar of Nemelex Xobeh.
   696 | D        | Found a snail-covered altar of Cheibriados.
   696 | D        | Found a sacrificial altar of Ru.
   696 | D        | Found a shimmering blue altar of Sif Muna.
   696 | D        | Found a shimmering altar of Xom.
   696 | D        | Found a basalt altar of Yredelemnul.
   697 | D        | Found a viscous altar of Jiyva.
   697 | D        | Found a bloodstained altar of Trog.
   697 | D        | Found an ornate altar of the Wu Jian Council.
   698 | D        | Found an iron altar of Okawaru.
   698 | D        | Found a shadowy altar of Dithmenos.
   698 | D        | Found a glowing silver altar of Zin.
   699 | D        | Found an ancient bone altar of Kikubaaqudgha.
   699 | D        | Found a hide-covered altar of Uskayaw.
   700 | D        | Found a stormy altar of Qazlal.
   700 | D        | Found a glowing golden altar of the Shining One.
   700 | D        | Found a white marble altar of Elyvilon.
   701 | D        | Found a radiant altar of Vehumet.
   701 | D        | Found a corrupted altar of Lugonu.
   703 | D        | Became a worshipper of Sif Muna the Loreminder
   837 | D        | Reached skill level 9 in Spellcasting
   837 | D        | Reached XP level 5. HP: 28/28 MP: 5/19
  1019 | D        | Reached skill level 10 in Spellcasting
  1155 | D        | HP: 1/28 [spriggan/+1 short sword of speed (13)]
  1157 | D        | Reached * piety under Sif Muna
  1159 | D        | Reached XP level 6. HP: 2/32 MP: 7/21
  1663 | D        | Found Zodghyem's Distillery.
  1663 | D        | Found Fihan's Distillery.
  1666 | D        | Bought a potion of mutation for 80 gold pieces
  1873 | D        | Noticed a burning bush
  1873 | D        | Noticed a wandering mushroom
  1873 | D        | Noticed a wandering mushroom
  1988 | D        | Reached skill level 11 in Spellcasting
  1988 | D        | Reached skill level 10 in Conjurations
  2242 | D        | Killed a wandering mushroom
  2242 | D        | Reached ** piety under Sif Muna
  2243 | D        | Reached skill level 5 in Dodging
  2243 | D        | Reached skill level 12 in Spellcasting
  2243 | D        | Reached XP level 7. HP: 36/36 MP: 10/24
  2245 | D        | Killed a burning bush
  2245 | D        | Killed a wandering mushroom
  2246 | D        | Reached skill level 13 in Spellcasting
  2414 | D        | Found Weehidgh's Weapon Emporium.
  2414 | D        | Found Pais's Assorted Antiques.
  2490 | D        | Noticed a queen bee
  2497 | D        | Reached *** piety under Sif Muna
  2502 | D        | Reached XP level 8. HP: 15/41 MP: 6/27
  2505 | D        | Slain by a killer bee

Illustrated notes

Levels and vault maps discovered:
D:        dungeon_sprint_fedhas [sprint_temple]

Skill      XL: |  1  2  3  4  5  6  7 |
---------------+----------------------+-----
Spellcasting   | 4 6 8 9 10 12 13 | 13.6
Conjurations   | 5 6 7 8 9 10 12 | 12.0
Hexes          | 2 |  2.0
Translocations | 1 2 |  2.0
Dodging        | 4 5 6 |  6.9
Invocations    | 4 6 8 |  8.4
Stealth        | |  2.4

Action                   |  1- 3 |  4- 6 |  7- 9 || total
-------------------------+-------+-------+-------++-------
Melee: Unarmed           |     2 |       |       ||     2
 Cast: Magic Dart        |     6 |     2 |     2 ||    10
       Searing Ray       |     3 |     2 |     2 ||     7
       Fulminant Prism   |       |     4 |     2 ||     6
       Iskenderun's Myst |       |    10 |     3 ||    13
Invok: Channel Magic     |       |       |     1 ||     1
 Abil: Evoke Invisibilit |       |     5 |     1 ||     6
  Use: Potion            |       |       |     1 ||     1
Armor: Robe              |     1 |     1 |       ||     2
Dodge: Dodged            |     4 |       |     5 ||     9
